 Dungeon Crawl Stone Soup version 0.19.4-8-ga85b6b9 (console) character file.

2348 itsmu the Chiller (level 9, 0/59 HPs)
             Began as a Formicid Ice Elementalist on Feb 8, 2017.
             Was a Believer of Sif Muna.
             Killed from afar by Xiguana's ghost (31 damage)
             ... with a bolt of negative energy
             ... on level 8 of the Dungeon.
             The game lasted 00:34:07 (11021 turns).

itsmu the Chiller (Formicid Ice Elementalist)      Turns: 11021, Time: 00:34:10

Health: 0/59       AC:  5    Str: 13    XL:     9   Next: 71%
Magic:  1/19       EV: 11    Int: 18    God:    Sif Muna [**....]
Gold:   101        SH:  0    Dex: 11    Spells: 6 memorised, 6 levels left

rFire  . . .     SeeInvis +     a - +1 rapier
rCold  . . .     Gourm    .     v - +1 robe
rNeg   . . .     Faith    .     (no shield)
rPois  +         Spirit   .     (helmet unavailable)
rElec  .         Reflect  .     F - +1 cloak {rPois}
rCorr  .         Harm     .     (no gloves)
MR     .....                    (no boots)
Stlth  ++........               (no amulet)
                                (no ring)
                                d - ring of wizardry

@: very slightly contaminated, drained
A: permanent stasis, dig shafts and tunnels, four strong arms, antennae 3
a: Dig, Shaft Self, Divine Energy, Renounce Religion


You were on level 8 of the Dungeon.
You worshipped Sif Muna.
Sif Muna was pleased with you.
You were near starving.

You visited 1 branch of the dungeon, and saw 8 of its levels.

You collected 263 gold pieces.
You spent 162 gold pieces at shops.

Inventory:

Hand Weapons
 a - a +1 rapier (weapon)
   (You found it on level 3 of the Dungeon)
 G - a +1 flail of crushing
   (You took it off Edmund on level 6 of the Dungeon)
Missiles
 f - 107 arrows
 l - 171 stones (quivered)
Armour
 v - a +1 robe (worn)
 E - a +0 shield
   (You found it on level 7 of the Dungeon)
 F - a +1 cloak of poison resistance (worn)
   (You bought it in a shop on level 6 of the Dungeon)
Jewellery
 d - a ring of wizardry (left hand)
   (You found it on level 1 of the Dungeon)
 s - an uncursed ring of positive energy {unknown}
   (You found it on level 2 of the Dungeon)
 y - an uncursed ring of stealth {unknown}
   (You found it on level 4 of the Dungeon)
 B - a cursed ring of teleportation {unknown}
   (You found it on level 4 of the Dungeon)
 D - an uncursed ring of see invisible {unknown}
   (You found it on level 4 of the Dungeon)
Wands
 j - a wand of iceblast (0/15)
   (You found it on level 5 of the Dungeon)
 I - a wand of iceblast (7/15)
   (You found it on level 6 of the Dungeon)
Scrolls
 e - 4 scrolls of fog
 g - a scroll of magic mapping
 A - a scroll of enchant weapon
 C - a scroll of enchant armour
 K - a scroll of recharging
 L - 2 scrolls of remove curse {unknown}
Potions
 h - 2 potions of invisibility
 i - 6 potions of curing
 k - 2 potions of brilliance
 m - 2 potions of agility {unknown}
 n - a potion of resistance {unknown}
 o - 2 potions of lignification
 q - 3 potions of magic {unknown}
 u - a potion of haste {unknown}
 x - a potion of might
 z - 2 potions of flight
 M - a potion of mutation {unknown}
Books
 b - a book of Frost

   Spells                             Type                      Level
   a - Freeze                         Ice                          1
   b - Throw Frost                    Conjuration/Ice              2
   c - Ozocubu's Armour               Charms/Ice                   3
   d - Throw Icicle                   Conjuration/Ice              4
   e - Summon Ice Beast               Ice/Summoning                4
 t - a book of Maledictions
   (You found it on level 3 of the Dungeon)

   Spells                             Type                      Level
   a - Corona                         Hexes                        1
   b - Ensorcelled Hibernation        Hexes/Ice                    2
   c - Confuse                        Hexes                        3
   d - Tukima's Dance                 Hexes                        3
   e - Dazzling Spray                 Conjuration/Hexes            3
Comestibles
 c - 5 bread rations
 p - a royal jelly
 r - 5 fruits
 w - 2 meat rations
 H - a beef jerky


   Skills:
 + Level 1.2(0.2) Fighting
 - Level 1.7(0.7) Dodging
 - Level 2.4(1.3) Stealth
 + Level 1.6(0.6) Shields
 + Level 7.2(6.0) Spellcasting
 + Level 5.4(4.3) Conjurations
 + Level 3.8(2.7) Summonings
 + Level 7.4(6.2) Ice Magic


You had 6 spell levels left.
You knew the following spells:

 Your Spells              Type           Power        Failure   Level  Hunger
a - Freeze                Ice            ####         1%          1    None
b - Throw Frost           Conj/Ice       ###...       1%          2    None
c - Summon Ice Beast      Ice/Summ       ###.....     9%          4    ####...
d - Throw Icicle          Conj/Ice       ###.....     7%          4    ####...
e - Ensorcelled Hibernat  Hex/Ice        ###...       2%          2    None
Q - Ozocubu's Armour      Chrm/Ice       ###.....     4%          3    ##.....


Dungeon Overview and Level Annotations

Branches:
Dungeon (8/15)
 Temple: D:4-7         Lair: D:8-11

Altars:
Hepliaklqana
Kikubaaqudgha
Nemelex Xobeh
Sif Muna
The Shining One

Shops:
D:6 *

Annotations:
D:4 Grinder
D:7 5 runed doors
D:8 Xiguana's ghost, novice DrCK


Innate Abilities, Weirdness & Mutations

You are under a permanent stasis effect.
You can dig through walls and to a lower floor.
Your four strong arms can wield two-handed weapons with a shield.
You have a pair of large antennae on your head. (SInv)


Message History

Your ice beast hits Xiguana's ghost but does no damage. x2
You hit Xiguana's ghost.
Xiguana's ghost is lightly damaged.
Xiguana's ghost hits you but does no damage.
Your ice beast closely misses Xiguana's ghost.
Your ice beast misses Xiguana's ghost.
Your ice beast hits Xiguana's ghost.
Your ice beast freezes Xiguana's ghost!
Xiguana's ghost hits you!
Unknown command.
Your ice beast completely misses Xiguana's ghost.
Xiguana's ghost hits your ice beast!
Your ice beast closely misses Xiguana's ghost.
Your ice beast completely misses Xiguana's ghost.
Xiguana's ghost hits your ice beast.
Your ice beast hits Xiguana's ghost but does no damage. x2
Your ice beast closely misses Xiguana's ghost.
Xiguana's ghost breathes negative energy at you.
The bolt of negative energy misses your ice beast.
The bolt of negative energy hits you!
You feel drained.
Ouch! That really hurt!
You die...

## #.###......#### .
...........'... .. .##
#.##.......#### { #. ..#
#.##.......# #. #.#
#.##..######
#.######.####.##..# ####
#.#...##.##)...#..#
..=..#.#.#.##.##.......#
#....#.#YWY..M............
#........Y#..#....#.######
.......#....##.#....#.#
.......#....##.#.......
...............#........
.#.$...#....#..#........#
#.....#....#...........#
#.....#....#.#........
..#'#.#.####.#..


You could see Xiguana's ghost and 3 friendly ice beasts.

Vanquished Creatures
  The ghost of gwendy the Poker, an amateur DsGl of Makhleb (D:5)
  Edmund (D:6)
  An orc warrior (D:7)
  A centaur (D:5)
  A bullfrog (D:7)
  A water moccasin zombie (D:6)
  2 scorpions
  A howler monkey (D:6)
  A crimson imp (D:8)
  3 centaur zombies
  2 hounds
  4 bullfrog skeletons
  3 orc priests
  A jelly (D:5)
  Jessica (D:3)
  2 iguanas
  6 orc wizards
  7 worker ants
  A killer bee zombie (D:7)
  A hound zombie (D:6)
  A worker ant zombie (D:5)
  2 gnolls
  8 adders
  A shadow imp (D:7)
  An ooze (D:1)
  An adder skeleton (D:7)
  6 worms
  3 dart slugs
  5 leopard geckos
  23 orcs
  3 giant cockroaches
  6 goblins
  6 hobgoblins
  22 jackals
  7 kobolds
  5 quokkas
  3 ball pythons
  14 bats
  5 frilled lizards
  A jackal skeleton (D:5)
  A quokka skeleton (D:7)
  3 rats
168 creatures vanquished.

Vanquished Creatures (collateral kills)
  A hungry ghost (D:8)
  2 orc warriors
  A phantom (D:6)
  2 ogres
  2 centaurs (D:7)
  3 orc priests
  A hound zombie (D:6)
  A worm (D:6)
  3 orcs
  A giant cockroach zombie (D:6)
17 creatures vanquished.

Vanquished Creatures (others)
  3 plants (D:6)
3 creatures vanquished.

Grand Total: 188 creatures vanquished

Notes
Turn   | Place    | Note
-------+----------+-------------------------------------------
     0 | D:1      | itsmu the Formicid Ice Elementalist began the quest for the Orb.
     0 | D:1      | Reached XP level 1. HP: 13/13 MP: 3/3
   136 | D:1      | Reached XP level 2. HP: 9/19 MP: 1/5
   306 | D:1      | Learned a level 2 spell: Throw Frost
   602 | D:1      | Reached XP level 3. HP: 24/24 MP: 1/6
   881 | D:1      | Learned a level 3 spell: Ozocubu's Armour
   910 | D:1      | Reached skill level 1 in Conjurations
  1375 | D:2      | Reached XP level 4. HP: 30/30 MP: 1/7
  2717 | D:2      | Reached XP level 5. HP: 20/35 MP: 0/8
  3047 | D:3      | Noticed Jessica
  3050 | D:3      | Killed Jessica
  3322 | D:3      | Found a sparkling altar of Nemelex Xobeh.
  3558 | D:3      | Learned a level 2 spell: Ensorcelled Hibernation
  3625 | D:3      | Found a glowing golden altar of the Shining One.
  3793 | D:3      | Reached skill level 5 in Ice Magic
  3808 | D:3      | You fall through a shaft for 3 floors!
  3843 | D:5      | Entered Level 5 of the Dungeon
  4140 | D:4      | Noticed an ogre
  4205 | D:4      | Reached XP level 6. HP: 41/41 MP: 4/10
  4557 | D:4      | Learned a level 4 spell: Throw Icicle
  4670 | D:4      | Found a deep blue altar of Sif Muna.
  4714 | D:4      | Became a worshipper of Sif Muna the Loreminder
  4801 | D:4      | Found an ancient bone altar of Kikubaaqudgha.
  4907 | D:4      | Reached XP level 7. HP: 46/46 MP: 2/12
  6183 | D:5      | Noticed Grinder
  6300 | D:6      | Noticed Edmund
  6624 | D:5      | Noticed gwendy's ghost (amateur DsGl)
  6641 | D:5      | Killed gwendy's ghost
  6641 | D:5      | Reached * piety under Sif Muna
  6641 | D:5      | Reached skill level 5 in Spellcasting
  6641 | D:5      | Reached XP level 8. HP: 33/52 MP: 6/16
  6916 | D:5      | Learned a level 4 spell: Summon Ice Beast
  7393 | D:5      | Reached skill level 1 in Summonings
  7950 | D:6      | Found Helop's Serpentskin Sales.
  7954 | D:6      | Bought a +1 cloak of poison resistance for 162 gold pieces
  8388 | D:6      | Reached XP level 9. HP: 46/57 MP: 18/18
  8643 | D:6      | Killed Edmund
  8643 | D:6      | Reached skill level 5 in Conjurations
  9086 | D:6      | Noticed an unseen horror
  9108 | D:7      | Reached ** piety under Sif Muna
  9203 | D:7      | Found a hazy altar of Hepliaklqana.
  9554 | D:7      | Found a runed gate.
  9555 | D:7      | Found a runed door.
  9566 | D:7      | Found a runed door.
  9897 | D:7      | Reached skill level 1 in Shields
 10518 | D:7      | Found a runed gate.
 10518 | D:7      | Found a runed gate.
 10741 | D:8      | Reached skill level 1 in Fighting
 10818 | D:8      | Noticed Xiguana's ghost (novice DrCK)
 11021 | D:8      | Killed from afar by Xiguana's ghost

Skill      XL: |  1  2  3  4  5  6  7  8  9 |
---------------+----------------------------+-----
Ice Magic      | 4 5 6 7 |  7.4
Conjurations   | 1 2 3 4 5 |  5.4
Spellcasting   | 3 5 6 7 |  7.2
Summonings     | 2 3 |  3.8
Shields        | 1 |  1.6
Fighting       | 1 |  1.2
Dodging        | |  1.7
Stealth        | |  2.4

Action                   |  1- 3 |  4- 6 |  7- 9 || total
-------------------------+-------+-------+-------++-------
Melee: Unarmed           |    16 |       |       ||    16
       Rapier            |       |    29 |   151 ||   180
Throw: Stone             |     2 |     1 |       ||     3
 Cast: Freeze            |    52 |   108 |    82 ||   242
       Throw Frost       |     3 |    31 |    31 ||    65
       Ensorcelled Hiber |       |     5 |       ||     5
       Throw Icicle      |       |       |    22 ||    22
       Summon Ice Beast  |       |       |    43 ||    43
 Abil: Dig               |     4 |     4 |    10 ||    18
Evoke: Wand              |       |       |     4 ||     4
  Use: Scroll            |       |    13 |     4 ||    17
       Potion            |       |     1 |     3 ||     4
 Stab: Sleeping          |       |     6 |     3 ||     9
       Distracted        |       |       |     1 ||     1
  Eat: Chunk             |     3 |    14 |    25 ||    42
       Fruit             |       |       |     1 ||     1
       Beef jerky        |       |       |     1 ||     1
       Pizza             |       |       |     1 ||     1
Armor: Robe              |    12 |    11 |    43 ||    66
Dodge: Dodged            |    42 |    81 |   156 ||   279
